 Dungeon Sprint DCSS version 0.21.1-1-g345015f (webtiles) character file.

177296 sexinstructor the Conqueror (level 17, -17/191 HPs)
             Began as a Minotaur Berserker on Mar 17, 2018.
             Was a High Priest of Trog.
             Killed from afar by a quicksilver dragon (42 damage)
             ... with a bolt of dispelling energy
             ... in the Dungeon (Sprint V: "Ziggurat Sprint").
             The game lasted 01:39:13 (4885 turns).

sexinstructor the Conqueror (Minotaur Berserker)    Turns: 4885, Time: 01:39:14

Health: -17/191    AC: 34    Str: 36    XL:     17   Next: 53%
Magic:  12/12      EV: 23    Int: 11    God:    Trog [*****.]
Gold:   0          SH: 40    Dex: 14    Spells: 16/16 levels left

rFire    + . .     SeeInvis .   V - +2 war axe "Sec Fis" {flame, MR++}
rCold    + + .     Gourm    .   L - +18 shield of the Gong {rElec rN+ MR+ EV-5}
rNeg     + + .     Faith    .   F - +4 fire dragon scales of the Tarantula {rElec rF++ rC- MR+++ MP-9 Str+2}
rPois    +         Spirit   .   b - +0 hat
rElec    +         Reflect  +   U - +2 ratskin cloak {+Rats rPois rN+ Str-1 Int-1 Dex+1}
rCorr    +         Harm     .   G - +2 pair of gloves of the Invisible Curses {Int+6 Dex+3}
MR       +++++     NoTele   +   P - +2 pair of boots {Fly}
Stlth    +++.......             m - amulet of Lumefuet {Reflect Int+2 SH+2}
HPRegen  0.41/turn              y - +6 ring of strength
MPRegen  0.13/turn              O - ring "Ygosyrac" {rCorr rElec rF- rC+++ Stlth+}

@: berserk cooldown, studying Throwing
A: retaliatory headbutt, horns 2, blurry vision 1, low mp 1
a: Berserk, Trog's Hand, Brothers in Arms, Burn Spellbooks, Renounce Religion,
Evoke Ratskin, Evoke Flight


You were in the Dungeon.
You worshipped Trog.
Trog was extremely pleased with you.
You were not hungry.

You visited 1 branch

Inventory:

Hand Weapons
 E - the +12 broad axe of Digips {elec, Dex+5 Stlth+}
   (Trog gifted it to you in the Dungeon)

   Occasionally, upon striking a foe, it will discharge some electrical energy
   and cause terrible harm.
   It affects your dexterity (+5).
   It makes you more stealthy.
 J - the +7 great mace "Firestarter" {inner flame, rF++}
   (You found it in the Dungeon)

   It has been specially enchanted to burn those struck by it, causing extra
   injury to most foes and up to half again as much damage against particularly
   susceptible opponents.
   It greatly protects you from fire.
 Q - the +4 battleaxe of Peace {chop, *Noise rN++ Dex-3 SInv}
   (You took it off an efreet in the Dungeon)

   It inflicts extra damage upon your enemies.
   It affects your dexterity (-3).
   It greatly protects you from negative energy.
   It lets you see invisible.
   It may make noises in combat.
 V - the +2 war axe "Sec Fis" (weapon) {flame, MR++}
   (You found it in the Dungeon)

   It has been specially enchanted to burn those struck by it, causing extra
   injury to most foes and up to half again as much damage against particularly
   susceptible opponents.
   Big, fiery blades are also staple armaments of hydra-hunters.
   It affects your resistance to hostile enchantments.
 Y - the +3 hand axe of Trog's Righteous Anger {freeze, MR+++ Dex-2 SInv}
   (Trog gifted it to you in the Dungeon)

   It has been specially enchanted to freeze those struck by it, causing extra
   injury to most foes and up to half again as much damage against particularly
   susceptible opponents.
   It can also slow down cold-blooded creatures.
   It affects your dexterity (-2).
   It affects your resistance to hostile enchantments.
   It lets you see invisible.
Armour
 b - a +0 hat (worn)
 F - the +4 fire dragon scales of the Tarantula (worn) {rElec rF++ rC- MR+++ MP-9 Str+2}
   (You found it in the Dungeon)

   It affects your strength (+2).
   It greatly protects you from fire.
   It makes you vulnerable to cold.
   It insulates you from electricity.
   It affects your resistance to hostile enchantments.
   It affects your magic capacity (-9).
 G - the +2 pair of gloves of the Invisible Curses (worn) {Int+6 Dex+3}
   (You found it in the Dungeon)

   It affects your intelligence (+6).
   It affects your dexterity (+3).
 L - the +18 shield of the Gong (worn) {rElec rN+ MR+ EV-5}
   (You found it in the Dungeon)

   It affects your evasion (-5).
   It insulates you from electricity.
   It protects you from negative energy.
   It affects your resistance to hostile enchantments.
 P - a +2 pair of boots of flying (worn)
 U - the +2 ratskin cloak (worn) {+Rats rPois rN+ Str-1 Int-1 Dex+1}
   (You found it in the Dungeon)

   It affects your strength (-1).
   It affects your intelligence (-1).
   It affects your dexterity (+1).
   It protects you from poison.
   It protects you from negative energy.
Jewellery
 a - an uncursed ring of see invisible
 m - the amulet of Lumefuet (around neck) {Reflect Int+2 SH+2}
   (You found it in the Dungeon)

   [amulet of reflection]

   It shields you and reflects attacks.
   It affects your intelligence (+2).
   It affects your SH (+2).
 u - a +6 ring of dexterity
 v - a +6 ring of dexterity
 w - a +6 ring of intelligence
 x - the ring "Xuathyp" {rPois rN+ Slay+2}
   (You found it in the Dungeon)

   [ring of slaying]

   It affects your accuracy and damage with ranged weapons and melee attacks
   (+2).
   It protects you from poison.
   It protects you from negative energy.
 y - a +6 ring of strength (left hand)
 z - a +6 ring of strength
 D - an uncursed ring of protection from cold
 H - the ring "Hemugax" {MR+ Dex+2 Stlth+}
   (You found it in the Dungeon)

   [ring of protection from magic]

   It affects your dexterity (+2).
   It affects your resistance to hostile enchantments.
   It makes you more stealthy.
 M - the ring "Doacepnimeg" {Wiz rC+ rN+}
   (You found it in the Dungeon)

   [ring of wizardry]

   It improves your spell success rate.
   It protects you from cold.
   It protects you from negative energy.
 N - an uncursed amulet of regeneration
 O - the ring "Ygosyrac" (right hand) {rCorr rElec rF- rC+++ Stlth+}
   (You found it in the Dungeon)

   [ring of resist corrosion]

   It makes you vulnerable to fire.
   It renders you almost immune to cold.
   It insulates you from electricity.
   It makes you more stealthy.
 W - an uncursed ring of protection from cold
 X - the amulet of the Insatiable Stories {RegenMP rElec rC++}
   (You found it in the Dungeon)

   [amulet of magic regeneration]

   It increases your magic regeneration.
   It greatly protects you from cold.
   It insulates you from electricity.
Wands
 A - a wand of disintegration (7)
 B - a wand of iceblast (7)
 C - a wand of acid (7)
Scrolls
 i - 4 scrolls of blinking
 p - 7 scrolls of fog
 q - a scroll of holy word
 r - 3 scrolls of identify
 s - 4 scrolls of remove curse
 t - 2 scrolls of fear
 I - 4 scrolls of enchant weapon
 R - 2 scrolls of brand weapon
Potions
 d - 9 potions of curing
 e - 15 potions of heal wounds
 f - 6 potions of haste
 g - 7 potions of magic
 h - 3 potions of berserk rage
 j - 2 potions of brilliance
 k - 2 potions of invisibility
 l - 3 potions of resistance
 n - 5 potions of agility
 o - 5 potions of might
Books
 K - a manual of Shields
 T - a manual of Throwing
Miscellaneous
 S - 8 sacks of spiders
 Z - a lamp of fire
Comestibles
 c - 3 rations


   Skills:
 O Level 27 Fighting
 + Level 22.8 Axes
 - Level 3.6(15.9) Maces & Flails
 - Level 0.9 Throwing
 O Level 27 Armour
 + Level 25.9 Dodging
 - Level 8.5 Stealth
 O Level 27 Shields
 - Level 16.7 Unarmed Combat
 - Level 0.4 Spellcasting
 - Level 11.4 Evocations


You had 16 spell levels left.
You didn't know any spells.

Dungeon Overview and Level Annotations

Branches:
Dungeon (1/1)

Altars:
Ashenzari
Cheibriados
Dithmenos
Elyvilon
Fedhas
Gozag
Hepliaklqana
Kikubaaqudgha
Makhleb
Nemelex Xobeh
Okawaru
Qazlal
Ru
Sif Muna
Trog
Uskayaw
Vehumet
Wu Jian
Xom
Yredelemnul
Zin
The Shining One
Beogh
Jiyva
Lugonu


Innate Abilities, Weirdness & Mutations

You reflexively headbutt those who attack you in melee.
You have a pair of horns on your head.
Scrolls take you a little longer to read.
Your magical capacity is low. (-10% MP)


Message History

You block the golden dragon's attack.
PTOANNNG!
The golden dragon tramples you.
* * * LOW HITPOINT WARNING * * *
You hold your ground!
You hear a roar!
You slice the one-headed hydra's last head off!
You kill the one-headed hydra!
Trog accepts your kill. Something appears at your feet!
Trog grants you a weapon!
You hit the golden dragon but do no damage.
You barely miss the quicksilver dragon. The golden dragon breathes cold at you.
The bolt of cold hits the ice dragon.
The ice dragon resists.
The bolt of cold hits you! You resist.
* * * LOW HITPOINT WARNING * * *
The quicksilver dragon breathes dispelling energy at you.
The bolt of dispelling energy hits you!
You die...

.D......▓
..............▓
.........DD..D▓ .
▓.......▓kDDk▓ ..
▓▓.....▓▓▓DDD▓
...▓.......▓DD.D▓
...........DD.lD▓
...........DDDDD▓
.......©...DDDD@▓
▓▓▓▓▓▓▓▓▓▓▓▓▓▓▓▓▓


You could see a shadow dragon, 3 iron dragons, 2 golden dragons, 3 fire dragons,
3 ice dragons, a quicksilver dragon, 4 swamp dragons, 2 swamp drakes, 4 steam
dragons, a wyvern and 2 acid dragons.

Vanquished Creatures
  A juggernaut (shapeshifter) (D)
  3 pandemonium lords (D)
  2 shard shrikes (D)
  2 golden dragons (D)
  An Ice Fiend (D)
  3 quicksilver dragons (D)
  A titan (shapeshifter) (D)
  4 acid blobs (shapeshifter) (D)
  An Executioner (D)
  3 acid blobs (D)
  4 krakens (D)
  2 thorn hunters (D)
  3 azure jellies (D)
  An iron dragon (D)
  A frost giant (shapeshifter) (D)
  2 fire giants (D)
  An iron dragon (shapeshifter) (D)
  A ghost moth (D)
  A cacodemon (D)
  An orc warlord (D)
  2 very ugly things (D)
  4 spriggan defenders (D)
  3 reapers (D)
  A blood saint (D)
  A white draconian (D)
  A spark wasp (D)
  4 fire dragons (D)
  6 merfolk impalers (D)
  5 death oozes (D)
  3 merfolk javelineers (D)
  A hydra (shapeshifter) (D)
  3 hydras (D)
  An anaconda (D)
  3 ice dragons (D)
  7 spriggan air magi (D)
  An anaconda (shapeshifter) (D)
  5 merfolk aquamancers (D)
  A merfolk avatar (D)
  A two-headed ogre (shapeshifter) (D)
  3 satyrs (D)
  A two-headed ogre (D)
  A hell hog (D)
  3 dancing weapons (D)
  A queen ant (shapeshifter) (D)
  2 orc high priests (D)
  A deep elf knight (D)
  8 spriggan berserkers (D)
  An iron troll (shapeshifter) (D)
  2 sea snakes (D)
  3 skeletal warriors (D)
  A deep troll (shapeshifter) (D)
  A deep elf archer (D)
  A glowing orange brain (shapeshifter) (D)
  2 spriggan druids (D)
  A death drake (shapeshifter) (D)
  3 shambling mangroves (D)
  5 deep elf magi (D)
  An orb spider (D)
  An orc sorcerer (D)
  8 draconians (D)
  A manticore (shapeshifter) (D)
  3 ugly things (D)
  A wolf spider (D)
  A harpy (D)
  2 cyclopes (D)
  2 shining eyes (D)
  A moth of wrath (shapeshifter) (D)
  An elephant (shapeshifter) (D)
  3 rust devils (D)
  A water nymph (D)
  A merfolk siren (D)
  2 eyes of devastation (D)
  3 rime drakes (D)
  2 tormentors (D)
  A dryad (D)
  6 freezing wraiths (D)
  2 efreet (D)
  3 guardian mummies (D)
  A troll (D)
  5 ice devils (D)
  A jumping spider (D)
  2 wind drakes (D)
  4 merfolk (D)
  A troll (shapeshifter) (D)
  8 hornets (D)
  4 slime creatures (D)
  A dream sheep (shapeshifter) (D)
  A hippogriff (shapeshifter) (D)
  A hornet (shapeshifter) (D)
  A snapping turtle (D)
  2 flying skulls (D)
  3 water elementals (D)
  3 spriggans (D)
  2 shadows (D)
  2 wraiths (D)
  A large abomination (D)
  A tarantella (shapeshifter) (D)
  An ushabti (D)
  2 redbacks (D)
  A yak (D)
  A spriggan (shapeshifter) (D)
  A wyvern (D)
  2 fire elementals (D)
  2 golden eyes (D)
  2 neqoxecs (D)
  A basilisk (shapeshifter) (D)
  A chaos spawn (D)
  A hungry ghost (D)
  3 steam dragons (D)
  2 swamp worms (shapeshifter) (D)
  A warg (shapeshifter) (D)
  A naga (shapeshifter) (D)
  A floating eye (D)
  2 hell hounds (D)
  A swamp drake (D)
  An ice beast (D)
  4 orc warriors (D)
  A black bear (D)
  2 ogres (D)
  A phantom (D)
  3 necrophages (D)
  An eye of draining (D)
  An earth elemental (D)
  A wight (D)
  A crimson imp (D)
  A quasit (D)
  2 jellies (D)
  An orc wizard (D)
  2 mummies (D)
  6 white imps (D)
  An ufetubus (D)
  6 adder zombies (D)
  3 bat skeletons (D)
  3 bat zombies (D)
  A ball python skeleton (D)
  A bat simulacrum (D)
  2 giant cockroach zombies (D)
  A jackal zombie (D)
  2 leopard gecko zombies (D)
  A quokka skeleton (D)
  2 briar patches (D)
  A butterfly (D)
  2 fire vortices (D)
  16 tentacles (D)
317 creatures vanquished.

Vanquished Creatures (collateral kills)
  A blood saint (D)
  A blizzard demon (D)
  A hydra (D)
  2 merfolk aquamancers (D)
  A soul eater (D)
  A harpy (D)
  A manticore (D)
  A cyclops (D)
  A merfolk siren (D)
  2 orange demons (D)
  A freezing wraith (D)
  5 merfolk (D)
  A snapping turtle (D)
  A wraith (D)
  A chaos spawn (D)
  A centaur (D)
  2 mummies (D)
  A leopard gecko zombie (D)
25 creatures vanquished.

Vanquished Creatures (others)
  An eldritch tentacle (D)
  4 merfolk javelineers (D)
  A deep elf knight (D)
  An infernal demonspawn (D)
  A manticore (D)
  A smoke demon (D)
  A jumping spider (shapeshifter) (D)
  A wyvern (D)
  A water elemental (D)
  2 briar patches (D)
  29 tentacles (D)
43 creatures vanquished.

Grand Total: 385 creatures vanquished

Notes
Turn   | Place    | Note
-------+----------+-------------------------------------------
     0 | D        | Found the +6 Majin-Bo {vamp, Archmagi MP+6 Int+6}
     0 | D        | Found the +7 great mace "Firestarter" {inner flame, rF++}
     0 | D        | sexinstructor the Minotaur Berserker began the quest for the Orb.
     0 | D        | Reached XP level 1. HP: 19/19 MP: 0/0
     4 | D        | Found a deep blue altar of Sif Muna.
     4 | D        | Found a bloodstained altar of Trog.
     4 | D        | Found a sacrificial altar of Ru.
     4 | D        | Found a stormy altar of Qazlal.
     4 | D        | Found an iron altar of Okawaru.
     5 | D        | Found a sparkling altar of Nemelex Xobeh.
     5 | D        | Found a blossoming altar of Fedhas.
     7 | D        | Found a transporter.
     7 | D        | Found an ancient bone altar of Kikubaaqudgha.
     7 | D        | Found a viscous altar of Jiyva.
     7 | D        | Found a corrupted altar of Lugonu.
     7 | D        | Found a hazy altar of Hepliaklqana.
     7 | D        | Found a burning altar of Makhleb.
     7 | D        | Found an opulent altar of Gozag.
    24 | D        | Found the +9 heavy crossbow "Sniper" {velocity, Acc+∞ SInv}
    24 | D        | Found the +10 dark maul {crush}
    24 | D        | Found the +15 Maxwell's patent armour {-Cast -Tele rElec MR+ rCorr}
    24 | D        | Found the +18 shield of the Gong {rElec rN+ MR+ EV-5}
    24 | D        | Found the cursed +14 obsidian axe {chop, +Fly SInv *Curse}
    72 | D        | Found the +6 shillelagh "Devastator" {shatter}
    72 | D        | Found the +11 plutonium sword {*Contam Stlth-}
    72 | D        | Found the +8 lance "Wyrmbane" {slay drac, rPois rF+ rC+ AC+3}
    72 | D        | Found the +9 sword of Zonguldrok {reap}
    72 | D        | Found the cursed +13 scythe of Curses {drain, *Curse}
    72 | D        | Found the +0 sword of Power
    72 | D        | Found the +8 mace of Variability {chaos}
    72 | D        | Found the +7 Singing Sword
    72 | D        | Found the +7 longbow "Piercer" {penet, EV-2}
    95 | D        | Entered arena 2.
    95 | D        | Noticed a spriggan
    95 | D        | Noticed a black bear
    95 | D        | Found a transporter.
   100 | D        | Killed a black bear
   100 | D        | Reached skill level 10 in Fighting
   100 | D        | Reached skill level 1 in Shields
   100 | D        | Reached XP level 2. HP: 39/39 MP: 1/1
   100 | D        | Reached XP level 3. HP: 46/46 MP: 2/2
   100 | D        | Reached XP level 4. HP: 52/52 MP: 3/3
   105 | D        | Killed a spriggan
   105 | D        | Reached XP level 5. HP: 66/66 MP: 4/4
   151 | D        | Entered arena 3.
   151 | D        | Noticed a halberd of venom
   151 | D        | Noticed a fire elemental
   151 | D        | Found a transporter.
   156 | D        | Killed a fire elemental
   156 | D        | Reached ** piety under Trog
   156 | D        | Reached skill level 15 in Fighting
   156 | D        | Reached XP level 6. HP: 61/77 MP: 5/5
   160 | D        | Killed a halberd of venom
   160 | D        | Reached XP level 7. HP: 46/89 MP: 6/6
   163 | D        | Reached XP level 8. HP: 48/97 MP: 7/7
   278 | D        | Entered arena 4.
   278 | D        | Noticed a rime drake
   278 | D        | Found a transporter.
   285 | D        | Reached *** piety under Trog
   285 | D        | Reached skill level 5 in Dodging
   286 | D        | Killed a rime drake
   372 | D        | Entered arena 5.
   372 | D        | Found a transporter.
   374 | D        | Reached **** piety under Trog
   374 | D        | Reached skill level 1 in Axes
   395 | D        | Entered arena 6.
   395 | D        | Noticed a deep elf mage
   395 | D        | Noticed a deep elf mage
   395 | D        | Noticed a deep elf mage
   395 | D        | Noticed a deep elf knight
   395 | D        | Found a transporter.
   399 | D        | Reached skill level 5 in Axes
   400 | D        | Killed a deep elf mage
   400 | D        | Reached ***** piety under Trog
   400 | D        | Reached XP level 9. HP: 104/104 MP: 8/8
   401 | D        | Killed a deep elf knight
   401 | D        | Received a gift from Trog
   403 | D        | Killed a deep elf mage
   407 | D        | Killed a deep elf mage
   454 | D        | Entered arena 7.
   454 | D        | Noticed a cyclops
   454 | D        | Noticed a cyclops
   454 | D        | Noticed a merfolk
   454 | D        | Noticed a merfolk
   454 | D        | Noticed a merfolk
   459 | D        | Found a transporter.
   466 | D        | Killed a merfolk
   467 | D        | Reached XP level 10. HP: 48/112 MP: 9/9
   468 | D        | Killed a cyclops
   468 | D        | Reached skill level 15 in Axes
   471 | D        | Killed a cyclops
   505 | D        | Identified Coffaq's Guide on the Snowflakes and Poison
   586 | D        | Entered arena 8.
   592 | D        | Received a gift from Trog
   592 | D        | Reached ****** piety under Trog
   596 | D        | Found a transporter.
   605 | D        | Got the +5 ring mail of the Archfiend {+Fly rN+}
   615 | D        | Entered arena 9.
   615 | D        | Noticed a mace of holy wrath
   615 | D        | Noticed a trident of venom
   615 | D        | Noticed an orc high priest
   615 | D        | Noticed a deep elf mage
   615 | D        | Noticed a deep elf archer
   615 | D        | Noticed a deep elf mage
   615 | D        | Noticed a deep elf knight
   616 | D        | Found a transporter.
   622 | D        | Killed a mace of holy wrath
   623 | D        | Noticed a sun demon
   625 | D        | Noticed a sun demon
   625 | D        | Killed a deep elf mage
   631 | D        | Killed a deep elf knight
   639 | D        | Killed a deep elf mage
   639 | D        | Received a gift from Trog
   644 | D        | Killed a trident of venom
   644 | D        | Killed a deep elf archer
   644 | D        | Reached XP level 11. HP: 99/119 MP: 10/10
   647 | D        | Killed an orc high priest
   793 | D        | Got the amulet of the Insatiable Stories {RegenMP rElec rC++}
   795 | D        | Got the cursed ring "Kustayng" {rPois rF++ rC- Int-5}
   806 | D        | Entered arena 10.
   807 | D        | Found a transporter.
   811 | D        | Received a gift from Trog
   827 | D        | Reached XP level 12. HP: 37/127 MP: 11/11
   923 | D        | Entered arena 11.
   923 | D        | Noticed a white draconian
   927 | D        | Found a transporter.
   932 | D        | Received a gift from Trog
   932 | D        | Reached skill level 10 in Armour
   935 | D        | Received a gift from Trog
   948 | D        | Killed a white draconian
   948 | D        | Reached skill level 15 in Armour
   983 | D        | Identified the Grimoire of Destructive Augmentations
   999 | D        | Entered arena 12.
  1004 | D        | Found a transporter.
  1006 | D        | Received a gift from Trog
  1015 | D        | Received a gift from Trog
  1064 | D        | Entered arena 13.
  1064 | D        | Noticed an ice dragon
  1064 | D        | Noticed an ice dragon
  1071 | D        | Found a transporter.
  1078 | D        | Killed an ice dragon
  1080 | D        | Received a gift from Trog
  1083 | D        | Killed an ice dragon
  1139 | D        | Entered arena 14.
  1145 | D        | Noticed an orc warlord
  1145 | D        | Noticed a two-headed ogre
  1148 | D        | Noticed an orc high priest
  1158 | D        | Killed a two-headed ogre
  1158 | D        | Reached skill level 10 in Dodging
  1162 | D        | Received a gift from Trog
  1162 | D        | Reached XP level 13. HP: 134/134 MP: 12/12
  1167 | D        | Killed an orc warlord
  1181 | D        | Received a gift from Trog
  1189 | D        | Found a transporter.
  1195 | D        | Received a gift from Trog
  1352 | D        | Got the cursed +2 war axe "Sec Fis" {flame, MR++}
  1355 | D        | Entered arena 15.
  1360 | D        | Noticed a white very ugly thing
  1360 | D        | Noticed a red very ugly thing
  1365 | D        | Gained mutation: Scrolls take you a little longer to read. [a neqoxec]
  1376 | D        | Killed a red very ugly thing
  1376 | D        | Reached skill level 15 in Dodging
  1381 | D        | Received a gift from Trog
  1388 | D        | Killed a red very ugly thing
  1395 | D        | Received a gift from Trog
  1415 | D        | Found a transporter.
  1488 | D        | Got the amulet of Lumefuet {Reflect Int+2 SH+2}
  1492 | D        | Got the +0 cloak "Wiad Ygu" {Dex+3}
  1523 | D        | Entered arena 16.
  1525 | D        | Noticed a fire dragon
  1526 | D        | Noticed a fire dragon
  1527 | D        | Noticed a fire dragon
  1528 | D        | Noticed a fire dragon
  1528 | D        | Noticed a fire giant
  1528 | D        | Noticed a fire giant
  1536 | D        | Killed a fire dragon
  1538 | D        | Killed a fire dragon
  1538 | D        | Reached skill level 10 in Shields
  1545 | D        | Killed a fire dragon
  1551 | D        | Received a gift from Trog
  1553 | D        | Killed a fire dragon
  1556 | D        | Killed a fire giant
  1561 | D        | Found the +2 ratskin cloak {+Rats rPois rN+ Str-1 Int-1 Dex+1}
  1564 | D        | Killed a fire giant
  1564 | D        | Reached skill level 15 in Shields
  1565 | D        | Found a transporter.
  1577 | D        | Got the +4 battleaxe of Peace {chop, *Noise rN++ Dex-3 SInv}
  1808 | D        | Entered arena 17.
  1814 | D        | Noticed a merfolk javelineer
  1814 | D        | Noticed a merfolk impaler
  1815 | D        | Noticed a merfolk impaler
  1821 | D        | Noticed a merfolk javelineer
  1821 | D        | Noticed a merfolk impaler
  1821 | D        | Received a gift from Trog
  1823 | D        | Noticed a merfolk impaler
  1835 | D        | Received a gift from Trog
  1836 | D        | Killed a merfolk impaler
  1844 | D        | Killed a merfolk impaler
  1845 | D        | Killed a merfolk impaler
  1845 | D        | Reached XP level 14. HP: 98/143 MP: 13/13
  1859 | D        | Received a gift from Trog
  1874 | D        | Found a transporter.
  1913 | D        | Got the +4 fire dragon scales of the Tarantula {rElec rF++ rC- MR+++ MP-9 Str+2}
  1931 | D        | Got the ring "Doacepnimeg" {Wiz rC+ rN+}
  2035 | D        | Entered arena 18.
  2041 | D        | Noticed a spriggan defender
  2057 | D        | Noticed a thorn hunter
  2061 | D        | Killed a spriggan defender
  2061 | D        | Received a gift from Trog
  2072 | D        | Received a gift from Trog
  2080 | D        | Received a gift from Trog
  2086 | D        | Killed a thorn hunter
  2086 | D        | Received a gift from Trog
  2096 | D        | Identified the +8 eveningstar "Wawiog" {holy, -Tele Dex+6} (Trog gifted it to you in the Dungeon)
  2345 | D        | Found a transporter.
  2351 | D        | Got the ring "Hemugax" {MR+ Dex+2 Stlth+}
  2404 | D        | Got the ring "Xuathyp" {rPois rN+ Slay+2}
  2409 | D        | Entered arena 19.
  2415 | D        | Noticed Tolydau the pandemonium lord
  2415 | D        | Noticed Paogh the pandemonium lord
  2416 | D        | Noticed Soshrim the pandemonium lord
  2426 | D        | Noticed an Executioner
  2429 | D        | Noticed a cacodemon
  2430 | D        | Killed Paogh the pandemonium lord
  2440 | D        | Killed Tolydau the pandemonium lord
  2443 | D        | Killed a cacodemon
  2444 | D        | Killed an Executioner
  2456 | D        | Killed Soshrim the pandemonium lord
  2458 | D        | Received a gift from Trog
  2458 | D        | Reached XP level 15. HP: 55/171 MP: 6/17
  2855 | D        | Found a transporter.
  2915 | D        | Entered arena 20.
  2924 | D        | Noticed a thorn hunter
  2942 | D        | Received a gift from Trog
  2942 | D        | Reached skill level 5 in Evocations
  2944 | D        | Reached skill level 1 in Stealth
  2945 | D        | Killed a thorn hunter
  2945 | D        | Reached skill level 27 in Fighting
  2948 | D        | Received a gift from Trog
  2955 | D        | Reached skill level 5 in Stealth
  2961 | D        | Received a gift from Trog
  2966 | D        | Reached skill level 10 in Evocations
  2967 | D        | Received a gift from Trog
  2977 | D        | Received a gift from Trog
  3004 | D        | Got a steaming broad axe {god gift}
  3004 | D        | Got a warped hand axe {god gift}
  3005 | D        | Identified the +3 hand axe of Trog's Righteous Anger {freeze, MR+++ Dex-2 SInv} (Trog gifted it to you in the Dungeon)
  3006 | D        | Identified the +12 broad axe of Digips {elec, Dex+5 Stlth+} (Trog gifted it to you in the Dungeon)
  3152 | D        | Found a transporter.
  3162 | D        | Got the +2 pair of gloves of the Invisible Curses {Int+6 Dex+3}
  3253 | D        | Entered arena 21.
  3260 | D        | Noticed a shard shrike
  3261 | D        | Noticed a golden dragon
  3263 | D        | Killed a ghost moth
  3263 | D        | Paralysed by a floating eye for 2 turns
  3264 | D        | Noticed a shard shrike
  3264 | D        | Noticed a titan
  3264 | D        | a shard shrike changed into a titan
  3265 | D        | Noticed a golden dragon
  3265 | D        | Noticed a juggernaut
  3265 | D        | a shard shrike changed into a juggernaut
  3266 | D        | Noticed a juggernaut
  3266 | D        | Noticed a caustic shrike
  3266 | D        | Noticed a titan
  3266 | D        | Noticed a shard shrike
  3266 | D        | a titan changed into a shard shrike
  3267 | D        | Killed a titan
  3267 | D        | Noticed an acid blob
  3267 | D        | a golden dragon changed into an acid blob
  3268 | D        | Noticed a storm dragon
  3268 | D        | an ettin changed into a storm dragon
  3268 | D        | Noticed a caustic shrike
  3268 | D        | a golden dragon changed into a caustic shrike
  3268 | D        | Noticed a shadow dragon
  3268 | D        | a caustic shrike changed into a shadow dragon
  3270 | D        | Killed an acid blob
  3270 | D        | Received a gift from Trog
  3270 | D        | Noticed a shadow dragon
  3270 | D        | a caustic shrike changed into a shadow dragon
  3271 | D        | Noticed a caustic shrike
  3271 | D        | Noticed an iron giant
  3271 | D        | a juggernaut changed into an iron giant
  3271 | D        | a storm dragon changed into a five-headed hydra
  3271 | D        | Noticed a fire giant
  3271 | D        | a shadow dragon changed into a fire giant
  3271 | D        | a shadow dragon changed into an iron troll
  3274 | D        | Killed a juggernaut
  3274 | D        | Noticed an acid blob
  3274 | D        | a caustic shrike changed into an acid blob
  3275 | D        | Noticed an acid blob
  3276 | D        | Noticed a titan
  3276 | D        | a shard shrike changed into a titan
  3277 | D        | a fire giant changed into a dire elephant
  3277 | D        | Noticed an iron giant
  3277 | D        | a titan changed into an iron giant
  3279 | D        | Noticed a sphinx
  3279 | D        | a dire elephant changed into a sphinx
  3279 | D        | Noticed a caustic shrike
  3279 | D        | an iron giant changed into a caustic shrike
  3280 | D        | Noticed a shadow dragon
  3280 | D        | a sphinx changed into a shadow dragon
  3280 | D        | Noticed a shadow dragon
  3280 | D        | a caustic shrike changed into a shadow dragon
  3281 | D        | Killed an acid blob
  3281 | D        | Received a gift from Trog
  3283 | D        | Noticed an acid blob
  3283 | D        | an iron giant changed into an acid blob
  3283 | D        | Noticed an iron dragon
  3283 | D        | a shadow dragon changed into an iron dragon
  3283 | D        | Noticed a frost giant
  3283 | D        | a shadow dragon changed into a frost giant
  3285 | D        | Killed an iron dragon
  3285 | D        | Killed an acid blob
  3285 | D        | Reached XP level 16. HP: 97/183 MP: 3/23
  3287 | D        | Received a gift from Trog
  3289 | D        | Killed an acid blob
  3297 | D        | Noticed a storm dragon
  3297 | D        | a queen ant changed into a storm dragon
  3299 | D        | a storm dragon changed into something unseen
  3307 | D        | Received a gift from Trog
  3362 | D        | Found a transporter.
  3580 | D        | Entered arena 22.
  3593 | D        | Noticed an acid blob
  3606 | D        | Killed an acid blob
  3611 | D        | Noticed an acid blob
  3621 | D        | Killed an acid blob
  3625 | D        | Reached skill level 1 in Unarmed Combat
  3625 | D        | Received a gift from Trog
  3627 | D        | Noticed an acid blob
  3631 | D        | Paralysed by a floating eye for 4 turns
  3637 | D        | Received a gift from Trog
  3638 | D        | Killed an acid blob
  3638 | D        | Gained mutation: Your magical capacity is low. (-10% MP) [a shining eye]
  3686 | D        | Found a transporter.
  3694 | D        | Got the ring "Ygosyrac" {rCorr rElec rF- rC+++ Stlth+}
  3706 | D        | Got the cursed ring of Qazlal's Esteem {rPois Str-3 Int+4}
  4056 | D        | Entered arena 23.
  4074 | D        | Noticed a kraken
  4074 | D        | Noticed a kraken
  4080 | D        | Received a gift from Trog
  4090 | D        | Received a gift from Trog
  4092 | D        | Reached skill level 5 in Unarmed Combat
  4096 | D        | Received a gift from Trog
  4105 | D        | Received a gift from Trog
  4105 | D        | Reached skill level 10 in Unarmed Combat
  4112 | D        | Received a gift from Trog
  4365 | D        | Noticed a kraken
  4365 | D        | Noticed a kraken
  4381 | D        | Killed a kraken
  4385 | D        | Killed a kraken
  4387 | D        | Found a transporter.
  4396 | D        | Killed a kraken
  4408 | D        | Killed a kraken
  4459 | D        | Entered arena 24.
  4473 | D        | Noticed a shard shrike
  4500 | D        | Received a gift from Trog
  4506 | D        | Noticed a shard shrike
  4508 | D        | Killed a shard shrike
  4508 | D        | Reached XP level 17. HP: 171/191 MP: 12/21
  4510 | D        | Noticed an Ice Fiend
  4516 | D        | Killed a shard shrike
  4516 | D        | Reached skill level 27 in Shields
  4521 | D        | Received a gift from Trog
  4522 | D        | Reached skill level 15 in Unarmed Combat
  4525 | D        | Killed an Ice Fiend
  4526 | D        | Received a gift from Trog
  4532 | D        | Received a gift from Trog
  4544 | D        | Received a gift from Trog
  4787 | D        | Found a transporter.
  4812 | D        | Entered arena 25.
  4827 | D        | Noticed a golden dragon
  4827 | D        | Noticed a golden dragon
  4829 | D        | Noticed a quicksilver dragon
  4829 | D        | Noticed a quicksilver dragon
  4844 | D        | Noticed a quicksilver dragon
  4850 | D        | Killed a golden dragon
  4851 | D        | Noticed a quicksilver dragon
  4854 | D        | Noticed a golden dragon
  4860 | D        | Noticed a golden dragon
  4870 | D        | Killed a quicksilver dragon
  4873 | D        | Killed a quicksilver dragon
  4877 | D        | Killed a quicksilver dragon
  4877 | D        | Reached skill level 27 in Armour
  4879 | D        | Killed a golden dragon
  4885 | D        | Received a gift from Trog
  4885 | D        | Killed from afar by a quicksilver dragon

Skill      XL: |  1  2  3  4  5  6  7  8  9 10 11 12 13 14 15 16 17 |
---------------+----------------------------------------------------+-----
Fighting       | 10 13 15 17 18 25 27 | 27.0
Shields        | 1 3 4 7 8 18 20 26 27 | 27.0
Dodging        | 9 10 16 23 24 25 | 25.9
Axes           | 9 14 20 22 | 22.8
Armour         | 9 18 24 27 | 27.0
Evocations     | 4 11 | 11.4
Stealth        | 8 |  8.5
Unarmed Combat | 14 16 | 16.7
Maces & Flails | |  3.6
Throwing       | |  0.9
Spellcasting   | |  0.4

Action                   |  1- 3 |  4- 6 |  7- 9 | 10-12 | 13-15 | 16-18 || total
-------------------------+-------+-------+-------+-------+-------+-------++-------
Melee: Broad axe         |     4 |    11 |    23 |   122 |    83 |   147 ||   390
       Headbutt          |       |     2 |     6 |    41 |    85 |    47 ||   181
       War axe           |       |       |       |       |   240 |     5 ||   245
Invok: Berserk           |     1 |     1 |     3 |     3 |     6 |     4 ||    18
       Brothers in Arms  |       |       |     1 |       |     2 |    10 ||    13
       Trog's Hand       |       |       |       |       |       |     1 ||     1
 Abil: Evoke Ratskin     |       |       |       |       |     1 |       ||     1
       Stop Flying       |       |       |       |       |       |     1 ||     1
Evoke: Sack of spiders   |       |       |       |       |       |     1 ||     1
  Use: Potion            |       |       |     3 |     2 |     2 |     3 ||    10
       Scroll            |       |       |       |     1 |     3 |       ||     4
  Eat: Ration            |       |       |     1 |       |     2 |     3 ||     6
       Chunk             |       |       |       |     6 |     6 |     3 ||    15
Armor: Crystal plate arm |     4 |     3 |    32 |    48 |    63 |       ||   150
       Fire dragon scale |       |       |       |       |    27 |    52 ||    79
Dodge: Dodged            |     1 |       |     4 |    16 |    62 |   112 ||   195
Block: Shield            |     7 |    13 |    44 |   162 |   443 |   297 ||   966
       Reflection        |       |       |       |       |    21 |    17 ||    38
